Unix xNetHack Version 8.0.0 - last build Mar 23 2024 02:42:02 (1964348d4f5f1cf1067ea9968e02252fcc83c468). Game began 2024-01-14 12:12:56, ended 2024-04-13 09:14:43. wvc, chaotic female elven Priestess --)|,,,,,,||.........[.......| |.%...|.......&&..||, |.)#,,,,,,--......--------|--|........|--|---..../?.UQ..--, u ---..#,,%%,,--------|...|....)"-........[.....--|-----------, u ....^| ,,,%,,|......|..)-....[)|........|..........| )....# ,,,,|(.....-...|...-------|| ----.......-.....(| ..[..# ,,[,|......|-------|........ ......| .....| ,,,,--------,,,,,,,|........ 2 ------- |.[).# ,,,,,%,,,,,,,,,,,,-------.+----- 2 |-)..# ,,,,,,,,,,,,, ,,,,,,,,,#....#,,, |....| ,,, ,,,,,,,,,,|....| , .%...# ,,, ,,,,,,,,,,,#....#,,, .....# ,,, ,,,,#,,,,,, #"[..#,,, <..%.| ,,, ,,,,,,,,,,,,,,,,,|....| ,, .....# ,,,,,,,%,,,,,,,,,,,,,,,#....#,,, --...# ,,,,,,,,,,,,,,,,,,,,,,,#....#,,, |...-###-###-###-###-###-###-###-....-# -........^..............[............. --.................................... Wvc the Canoness St:25 Dx:18 Co:15 In:20 Wi:20 Ch:12 Chaotic S:791646 Dlvl:33 $:0 HP:124(135) Pw:328(328) AC:-29 Xp:21/142000 T:33789 Latest messages: A quantum mechanic suddenly appears close by! The balrog claws you! The balrog misses! You strike the balrog! You brain the balrog! The quantum mechanic interacts with the vrock. A mysterious force prevents the vrock from teleporting! The vrock claws the quantum mechanic. The vrock claws the quantum mechanic. The vrock claws the quantum mechanic. The vrock misses the quantum mechanic. The vrock pecks the quantum mechanic. Restoring save file... Hello wvc, the elven Priestess, welcome back to xNetHack! It is hot here. You smell smoke... Really save? [yn] (n) y Saving... Restoring save file... Hello wvc, the elven Priestess, welcome back to xNetHack! It is hot here. You smell smoke... Really save? [yn] (n) y Saving... Restoring save file... Hello wvc, the elven Priestess, welcome back to xNetHack! It is hot here. You smell smoke... The quantum mechanic picks up a lock pick. The balrog hits the quantum mechanic. The balrog knocks the quantum mechanic back with a powerful blow! The balrog hits the quantum mechanic. The balrog claws the quantum mechanic. The balrog knocks the quantum mechanic back with a powerful strike! The balrog claws the quantum mechanic. What do you want to ready? [- t or ?*] Never mind. Really quit? (This will end your game permanently!) [yes|no] yes Do you want your possessions identified? [ynq] (y) y Do you want to see your attributes? [ynq] (y) y Do you want an account of creatures vanquished? [ynaq] (y) y Do you want a list of species genocided and extinct? [ynaq] (y) y Do you want to see your conduct and achievements? [ynq] (y) y Do you want to see the dungeon overview? [ynq] (y) y Inventory: Inventory: 976/1000 weight (44/52 slots) Amulets ('"') N - a cursed gold amulet of reflection (being worn) {34} Weapons (')') t - a blessed corrodeproof +5 silver spear named Spear of Elenmirie (alternate weapon; not wielded) {33} K - the blessed +5 Sceptre of Might (weapon in hand) {26} Armor ('[') p - a +0 mithril dwarvish helm (being worn) {19} v - a blessed rustproof +3 pair of gauntlets of power (being worn) {23} O - a blessed fireproof +9 small shield (being worn) {23} h - a thoroughly burnt +2 cloak of displacement (being worn) {8} b - a blessed +4 Hawaiian shirt with a ukulele motif (being worn) {4} Q - a blessed gray-scaled +0 bone scale mail (being worn) {59} Comestibles ('%') V - a C-ration {10} i - a food ration {20} P - 2 tripe rations {20} Rings ('=') H - a +2 ring of adornment (on right hand) {7} q - a ring of conflict (on left hand) {3} f - a ring of free action {3} j - a ring of levitation {3} R - a ring of regeneration {3} B - a ring of shock resistance {3} Y - a cursed ring of shock resistance {3} n - a ring of slow digestion {3} Wands ('/') e - a wand of create monster (0:0) {7} y - a blessed wand of digging (0:3) {7} g - a wand of digging (0:7) {7} A - a wand of digging (0:7) {7} k - a wand of digging (0:4) {7} l - a wand of fire (0:2) {7} a - a cursed wand of lightning (0:3) {7} X - a wand of make invisible (0:1) {7} d - a wand of secret door detection (0:10) {7} c - a wand of slow monster (0:5) {7} L - a blessed wand of speed monster (0:3) {7} w - a wand of speed monster (0:3) {7} C - a wand of teleportation (0:4) {7} Tools ('(') s - a blessed leather bag of holding containing 104 items {494} x - an empty bag of holding {15} M - the Bell of Opening (0:3) {10} J - the Candelabrum of Invocation (0 of 7 candles attached) {10} Z - the blessed greased Master Key of Thievery {3} F - a skeleton key {3} r - a towel {2} u - a blessed +0 unicorn horn {20} Gems/Stones ('*') G - an amber stone {1} z - a blessed luckstone {10} o - a blessed touchstone {10} Contents of the leather bag of holding: a blessed iron amulet of life saving a cursed silver amulet of life saving a cursed silver amulet of restful sleep the blessed +0 Sunsword a cursed -1 helm of opposite alignment a blessed +0 pair of plastic gloves a burnt +1 robe a blessed +0 T-shirt with text "The Hellhound Gang" a +0 mithril elven ring mail a carrot 2 cloves of garlic a cream pie 10 food rations 2 lembas wafers a tripe ration 2 lichen corpses 3 lizard corpses 2 lizard corpses a blessed scroll of blank paper a scroll of blank paper a cursed scroll of charging a blessed scroll of create monster a scroll of create monster a scroll of earth a scroll of enchant armor a cursed scroll of enchant weapon a blessed scroll of genocide 3 scrolls of gold detection a cursed scroll of gold detection 6 blessed scrolls of identify 6 scrolls of identify a scroll of light 3 scrolls of magic mapping 4 scrolls of remove curse a scroll of taming 2 scrolls of teleportation a scroll of water a cursed spellbook of magic mapping a potion of confusion a potion of full healing 4 potions of gain energy a potion of gain level a potion of invisibility 2 potions of levitation a potion of monster detection a potion of object detection a potion of oil a potion of paralysis 3 blessed potions of restore ability 2 potions of sickness a potion of sleeping 7 potions of holy water 3 potions of water 3 potions of unholy water a ring of free action a ring of polymorph a ring of polymorph control a ring of shock resistance a ring of slow digestion a wand of death (0:8) a wand of death (0:4) a wand of digging (0:7) a wand of digging (0:6) a wand of digging (0:4) a wand of digging (0:4) a wand of digging (0:2) a wand of fire (0:5) a wand of fire (0:0) a wand of opening (0:4) a wand of polymorph (0:1) a wand of polymorph named SOKO (0:0) a wand of secret door detection (0:10) a wand of sleep (0:6) a wand of speed monster (0:7) a wand of speed monster (0:0) a wand of teleportation (0:6) a wand of wishing (0:1) an empty sack a lock pick a magic marker (0:66) 7 tallow candles 4 wax candles an agate stone an amber stone a cursed amber stone 12 amethyst stones 5 black opals 5 chrysoberyl stones 6 citrine stones 8 diamonds 7 emeralds 4 fluorite stones 3 garnet stones 3 jacinth stones 8 jade stones 5 jasper stones 3 jet stones 4 obsidian stones 5 opals 6 rubies 5 topaz stones 6 turquoise stones 2 luckstones 3 touchstones Wvc the Priestess's attributes: Background: You were a Canoness, a level 21 elven Priestess. You were chaotic, on a mission for Poseidon who was opposed by Athena (lawful) and Hermes (neutral). You were heterosexual. You were in Asphodel, on level 33. You entered the dungeon 33789 turns ago. You had 142000 experience points, 46000 more were needed for level 22. Your score was 791646 before end-of-game adjustments. Basics: You had 124 out of 135 hit points. You had all 328 energy points (spell power). Your armor class was -29. Your wallet was empty. Autopickup was off. Final Characteristics: Your strength was 25 (base:6, innate limit:18). Your dexterity was 18 (limit:18). Your constitution was 15 (peak:16, limit:16). Your intelligence was 20 (limit:20). Your wisdom was 20 (limit:20). Your charisma was 12 (base:10, limit:18). Final Status: You were not hungry. You were unencumbered. You were wielding a mace. You had expert skill with mace. Final Attributes: You were piously aligned. You were magic-protected. You were fire resistant. You were cold resistant. You were sleep resistant. You were disintegration resistant. You were shock resistant. You were poison resistant. You were level-drain resistant. You were telepathic. You were warned. You had infravision. You were more charismatic. You were displaced. You caused conflict. You had teleport control. You had a moderate defense bonus (+10). You were warded. You took half physical damage. You were harmed by iron. You had reflection. You were lucky. You had extra luck. Good luck did not time out for you. You survived. Miscellaneous: You encountered 1 bones level. Total elapsed playing time was 12 hours, 20 minutes and 23 seconds. Major events: Turn 1: wvc the chaotic elven Priestess entered the dungeon 626: attained the rank of Acolyte (level 3) 2062: entered the Gnomish Mines 2405: attained the rank of Adept (level 6) 5061: destroyed Ardub's ghost, the former Reconnoiterer 5064: found Sting on the floor 5879: acquired the Mines' End luckstone 8088: entered Sokoban 8364: completed 1st Sokoban level 9045: completed 2nd Sokoban level 9067: attained the rank of Priestess (level 10) 9351: completed 3rd Sokoban level 10328: completed 4th Sokoban level 10521: acquired the Sokoban amulet of reflection 12751: performed her first genocide (arch-liches) 12841: entered the Bigroom 17089: attained the rank of Curate (level 14) 21397: found the Sceptre of Might carried by a monster 21402: killed the invisible Nalzok 21404: acquired the Bell of Opening 25411: genocided class L 25412: genocided class ; 25709: killed Croesus 25879: genocided disenchanters 27741: killed Medusa 28146: attained the rank of Canoness (level 18) 28459: made her first wish - "blessed greased fixed Master Key of Thievery", got "a blessed greased key named the Master Key of Thievery" 28826: entered Gehennom 30130: killed Cerberus 30432: found Sunsword carried by a monster 31641: destroyed Vlad the Impaler 31643: acquired the Candelabrum of Invocation 33447: killed Geryon 33789: quit Vanquished creatures: Geryon Vlad the Impaler 2 mastodons Medusa Croesus 4 iron golems a ki-rin 4 storm giants Nalzok Cerberus 5 purple worms 2 gray dragons a gold dragon 6 red dragons 2 orange dragons 4 black dragons 6 blue dragons a green dragon 3 yellow dragons 5 minotaurs a jabberwock 5 baluchitheria 3 stone golems 2 Olog-hai a pit fiend a hell hound 2 displacer beasts 4 titanotheres 3 trappers 3 guardian nagas 3 genetic engineers 22 vampire leaders 2 shades 46 skeletons an aligned cleric 4 captains a lich 2 clay golems 6 nurses 13 ice devils 5 nalfeshnees 4 lurkers above 4 Aleaxes 3 frost giants 3 ettins a golden naga 7 black puddings 34 vampires 7 lieutenants 5 cave dwellers 2 winged gargoyles 6 giant mimics 3 orc-captains a long worm 5 zruties 6 fire giants 5 ogre tyrants an elven monarch 9 ice trolls 10 rock trolls 2 umber hulks 2 flesh golems 9 hezrous 11 bone devils 3 large mimics 2 wumpuses 12 stalkers 3 air elementals 3 fire elementals 3 water elementals 2 hill giants 5 giant mummies 2 black nagas 2 elf-nobles 5 xorns 11 giant zombies 20 sergeants 14 barbed devils 13 vrocks 8 wargs 4 winter wolves 3 hell hound pups 10 small mimics a glass piercer 5 warhorses a steam vortex 4 xans 4 ettin mummies 2 ogre leaders 36 trolls a quantum mechanic 3 sasquatches a wood golem 3 mariliths a gelatinous cube 3 pyrolisks a large dog a freezing sphere 3 flaming spheres 5 shocking spheres a large cat 5 tigers 4 gargoyles a dwarf ruler 5 tengu 6 ochre jellies 5 leocrottas 4 mountain centaurs 3 stone giants an elf mummy a human mummy 3 green slimes a Grey-elf 2 pythons 3 pit vipers 2 cobras 99 wraiths 3 carnivorous apes 27 ettin zombies 2 leather golems 119 soldiers 4 watchmen 20 amorous demons 4 horned devils 3 chameleons 2 crocodiles 6 giant beetles 4 quivering blobs 12 cockatrices 11 wolves 7 winter wolf cubs 3 lynxes 3 panthers 4 gremlins 3 spotted jellies 4 leprechauns a mountain nymph 4 iron piercers 7 giant spiders 5 scorpions a horse 2 ice vortices 3 black lights 6 vampire bats 8 forest centaurs 11 gnome rulers 3 orc mummies 4 dwarf mummies an ogre a brown pudding 11 rust monsters 7 owlbears 5 yetis 2 werewolves 6 giant eels 10 lizards 2 neanderthals 2 chickatrices 3 dingoes 4 dogs a housecat 3 jaguars 4 dwarf leaders 3 blue jellies 6 water nymphs 3 white unicorns 4 dust vortices 16 ravens 7 plains centaurs a gnome mummy a Woodland-elf 4 snakes 74 ghosts 8 apes 59 human zombies a rope golem 6 soldier ants a fire ant 3 lemures 3 quasits 3 wood nymphs 29 bugbears a Mordor orc 4 Uruk-hai 3 orc shamans 12 rock piercers 4 rock moles 3 ponies 2 fog clouds 6 yellow lights 3 shriekers 5 violet fungi a black mold 21 gnome leaders 11 gnomish wizards 4 kobold mummies 2 gray oozes 4 barrow wights 30 elf zombies 26 ghouls a straw golem a paper golem a jellyfish 30 giant ants 2 little dogs 5 floating eyes 5 kittens 23 dwarves a homunculus 6 kobold leaders 5 kobold shamans 12 hill orcs 11 rothes 3 rabid rats 2 centipedes 3 giant bats 3 monkeys 24 orc zombies 22 dwarf zombies 2 wererats 2 werejackals 11 iguanas 28 killer bees 3 acid blobs 6 coyotes 2 gas spores 7 hobbits 7 manes 4 large kobolds 29 hobgoblins 6 giant rats 15 cave spiders 5 brown molds 5 yellow molds 2 green molds 2 red molds 77 gnomes 5 garter snakes 25 gnome zombies 7 geckos 2 jackals 4 kobolds 10 goblins a sewer rat 3 grid bugs 2 bats 4 lichens 29 kobold zombies 9 newts 1874 creatures vanquished. Genocided or extinct species: arch-liches krakens master liches demiliches disenchanters liches sharks electric eels wraiths (extinct) soldiers (extinct) piranha giant eels jellyfish 11 species genocided. 2 species extinct. Voluntary challenges: You read items or engraved 74 times. You genocided 11 types of monsters. You polymorphed 1452 items. You never changed form. You used 1 wish (for an artifact). You did not violate any of the special Sokoban rules. Achievements: You attained the rank of Acolyte. You entered the Gnomish Mines. You attained the rank of Adept. You entered a temple. You entered a shop. You completed the Gnomish Mines. You entered Sokoban. You attained the rank of Priestess. You completed Sokoban. You entered the Big Room. You attained the rank of Curate. You had the Bell of Opening. You defeated Medusa. You attained the rank of Canoness. You entered Gehennom. You had the Candelabrum of Invocation. Dungeon overview: The Dungeons of Doom: levels 1 to 28 Level 1: Level 2: A fountain, a sink. Level 3: Some fountains. Level 4: Stairs down to The Gnomish Mines. Level 5: Many altars. Level 6: Level 7: A fountain. Level 8: An altar to Poseidon. Level 9: Oracle of Delphi. Level 10: Stairs up to Sokoban, level 9. Level 11: A delicatessen. Level 12: Portal to Fort Ludios. Level 13: An altar to Poseidon, a fountain. Level 14: Many fountains. A very big room. Level 15: Portal to The Quest. Level 16: A fountain. Level 17: A tree. Level 18: A fountain, a grave. Level 19: Some fountains. Level 20: Some fountains. Level 21: Level 22: A general store, an altar to Poseidon. Level 23: A fountain. Level 24: Level 25: Level 26: Many trees. Level 27: A fountain. Level 28: A fountain. The castle. Connection to Gehennom. Gehennom: levels 29 to 33 Level 29: A temple, many graves. Valley of the Dead. Level 30: Stairs up to Vlad's Tower, level 29. Level 31: Level 32: Stairs down to Asphodel. Level 33: The Gnomish Mines: levels 5 to 13 Level 5: Level 6: Level 7: Many shops, a temple, some fountains. Level 8: Level 9: Level 10: Level 11: A grave. Final resting place for Ardub-Ran-Hum-Mal-Cha, killed by a death ray. Level 12: Level 13: A fountain. The Quest: levels 1 to 5 Level 1: A temple, many trees. Completed quest for the Arch Priest. Level 2: Many graves. Level 3: A temple, many graves. Level 4: Many graves. Level 5: Sokoban: levels 9 up to 6 Level 6: Solved. Level 7: Solved. Level 8: Solved. Level 9: Solved. Fort Ludios: Level 1: Fort Ludios. Vlad's Tower: levels 29 up to 26 Level 26: Level 27: Level 28: Level 29: Asphodel: Level 33: <- You were here. A tree. Goodbye wvc the Priestess... You quit in Asphodel on dungeon level 33 with 791646 points, and 0 pieces of gold, after 33789 moves. You were level 21 with a maximum of 135 hit points when you quit.